 Dungeon Crawl Stone Soup version 0.26-a0-1107-g6118521029 (webtiles) character file.

Game seed: 1657386308061442095

213 Dracia the Slasher (level 5, -4/41 HPs)
             Began as a Demonspawn Chaos Knight on Dec 16, 2020.
             Was a Plaything of Xom.
             Killed by divine providence
             ... invoked by an orc priest
              (15 damage)
             ... on level 3 of the Dungeon.
             The game lasted 00:03:33 (2557 turns).

Dracia the Slasher (Demonspawn Chaos Knight)        Turns: 2557, Time: 00:03:34

Health: -4/41      AC:  8    Str: 14    XL:     5   Next: 59%
Magic:  5/5        EV:  7    Int: 13    God:    Xom [....*.]
Gold:   143        SH:  0    Dex: 12    Spells: 4/4 levels left

rFire    . . .     SeeInvis .   a - +1 falchion (chaos)
rCold    . . .     Faith    .   (no shield)
rNeg     . . .     Spirit   .   e - +0 chain mail
rPois    .         Reflect  .   (no helmet)
rElec    .         Harm     .   (no cloak)
rCorr    .         Rampage  .   (no gloves)
Will     .....                  (no boots)
Stlth    ..........             (no amulet)
HPRegen  0.13/turn              (no ring)
MPRegen  0.09/turn              (no ring)

@: no status effects
A: claws 1, spiny 1, sturdy frame 1
a: Renounce Religion


You were on level 3 of the Dungeon.
You worshipped Xom.
You were a beloved toy of Xom.
You visited 1 branch of the dungeon, and saw 3 of its levels.

You collected 143 gold pieces.


Innate Abilities, Weirdness & Mutations

You have sharp fingernails.
You are partially covered in sharp spines.
Your movements are slightly less encumbered by armour. (ER -2)


   Skills:
 - Level 3.0 Fighting
 + Level 5.8 Long Blades
 - Level 1.7 Armour
 - Level 0.8 Dodging


You had 4 spell levels left.
You didn't know any spells.
Your spell library contained the following spells:

 Spells                   Type           Power        Failure   Level
 Confusing Touch          Hex            #.......     100%        3
 Gell's Gravitas          Tloc           #.........   100%        3
 Petrify                  Tmut/Erth      #.......     100%        4
 Metabolic Englaciation   Hex/Ice        #.........   100%        5
 Yara's Violent Unravell  Hex/Tmut       #.........   100%        5

Inventory:

Hand Weapons
 a - a +1 falchion of chaos (weapon)
 f - a +0 dagger
 o - a +0 hand axe
Missiles
 p - 4 datura-tipped darts (quivered)
Armour
 b - a +2 leather armour
 e - a +0 chain mail (worn)
 h - a +0 helmet
Magical Staves
 l - an uncursed staff of poison {!a!a}
Wands
 j - a wand of polymorph (10)
Scrolls
 c - 5 scrolls of teleportation {@r4@r4}
 g - 2 scrolls of identify {@r1@r1}
 k - a scroll of fog
 m - 2 scrolls of amnesia {unknown}
Potions
 d - 2 potions of haste {unknown}
 i - 3 potions of heal wounds {unknown}
 n - a potion of degeneration {unknown}

Dungeon Overview and Level Annotations

Branches:
Dungeon (3/15)

Altars:
Wu Jian

#### #... #...
############# #>..
#####.....##....#####...
..)..............÷......
#..@..##......###...
#####..>B.#.....### #...
.......K..).....#####...
####...†).).............
##.....#.>..<########
###...........#
.............#########
##.####o.#.#.# #......
#.. ##.##.#...#......


You could see an orc priest, a giant cockroach and a kobold.


Message History

The jackal is struck by your spines.
You kill the jackal!
You closely miss the jackal. The jackal bites you.
You miss the jackal. The jackal barely misses you.
The jackal is struck by your spines.
The jackal bites you but does no damage.
The orc priest invokes the aid of Beogh against you.
Beogh smites you!
The jackal bites you but does no damage.
A goblin comes into view.
The goblin shouts!
The jackal is struck by your spines.
You kill the jackal!
The orc priest invokes the aid of Beogh against you.
Beogh smites you!
* * * LOW HITPOINT WARNING * * *
The goblin hits you.
* * * LOW HITPOINT WARNING * * *
The giant cockroach is struck by your spines.
The giant cockroach completely misses you.
The orc priest casts a cantrip, but nothing happens.
There is a stone staircase leading down here.
There is a stone staircase leading up here.
The giant cockroach bites you but does no damage.
The goblin is struck by your spines.
You kill the goblin!
The orc priest calls down the wrath of Beogh upon you.
Beogh smites you!
You die...
Xom titters!

Skill      XL: |  1  2  3  4 |
---------------+-------------+-----
Long Blades    | 3 4 5 |  5.8
Fighting       | |  3.0
Armour         | |  1.7
Dodging        | |  0.8

Action                   |  1- 3 |  4- 6 || total
-------------------------+-------+-------++-------
Melee: Falchion          |    99 |    67 ||   166
  Use: Scroll            |       |     5 ||     5
 Stab: Paralysed         |     2 |       ||     2
       Sleeping          |     2 |       ||     2
       Invisible         |       |     3 ||     3
       Confused          |       |     1 ||     1
Armor: Leather armour    |    17 |       ||    17
       Chain mail        |    32 |    42 ||    74
Dodge: Dodged            |    34 |    28 ||    62
       Rpst.: Falchion   |    10 |    10 ||    20

Levels and vault maps discovered:
D:1:      psy_arrival_statuary, layout_basic, minmay_tiny_reverse_x
D:2:      layout_basic, lemuel_doored_altar, uniq_robin
D:3:      layout_rooms, nemelex_spade_bored_becter

Notes
Turn   | Place    | Note
-------+----------+-------------------------------------------
     0 | D:1      | Dracia the Demonspawn Chaos Knight began the quest for the
                  | Orb.
     0 | D:1      | Reached XP level 1. HP: 18/18 MP: 1/1
    70 | D:1      | Reached skill level 3 in Long Blades
    95 | D:1      | Gained mutation: Your movements are slightly less
                  | encumbered by armour. (ER -2) [demonic ancestry]
    95 | D:1      | Reached XP level 2. HP: 24/24 MP: 2/2
   318 | D:1      | XOM: divination: detect creatures
   643 | D:1      | Gained mutation: You have sharp fingernails. [demonic
                  | ancestry]
   643 | D:1      | Reached XP level 3. HP: 29/29 MP: 3/3
   848 | D:2      | Noticed Robin
   885 | D:2      | Reached skill level 4 in Long Blades
   919 | D:2      | Killed Robin
   986 | D:1      | XOM: silly message
  1004 | D:1      | XOM: silly message
  1171 | D:2      | Gained mutation: You are partially covered in sharp spines.
                  | [demonic ancestry]
  1171 | D:2      | Reached XP level 4. HP: 23/35 MP: 4/4
  1275 | D:2      | XOM: god gift: scroll labelled VOSASOR UTEXAU {god gift}
  1416 | D:2      | XOM: 1-stop teleportation journey
  1448 | D:2      | XOM: confuse monster(s)
  1457 | D:2      | XOM: cloud trail
  1504 | D:2      | Found an ornate altar of the Wu Jian Council.
  1925 | D:2      | XOM: god gift: crooked jewelled staff {god gift}
  2031 | D:3      | Reached skill level 5 in Long Blades
  2051 | D:3      | XOM: cast spell 'Summon Small Mammal'
  2057 | D:3      | XOM: potion effect (invisibility)
  2076 | D:2      | Reached XP level 5. HP: 28/41 MP: 5/5
  2300 | D:3      | XOM: polymorph adder -> ball python
  2353 | D:3      | XOM: polymorph orc -> rat
  2557 | D:3      | Killed from afar by an orc priest

Vanquished Creatures
  2 orc priests
  Robin (D:2)
  3 gnolls
  2 adders (D:2)
  A worm (D:2)
  2 dart slugs (D:1)
  5 leopard geckos
  3 orcs
  4 ball pythons
  7 bats
  3 giant cockroaches
  20 goblins
  7 hobgoblins
  8 jackals
  A frilled lizard (D:1)
  4 kobolds
  4 rats
77 creatures vanquished.

Table legend: (Time is in decaauts)
 A = Elapsed time spent in this place.
 B = Non-inter-level travel time spent in this place.
 C = Inter-level travel time spent in this place.
 D = Time resting spent in this place.
 E = Time spent auto-exploring this place.
 F = Levels seen in this place.
 G = Mean time per level.
                   A        B        C        D        E       F      G
               +--------+--------+--------+--------+--------+-----+--------+
         Total |   2574 |   2472 |    102 |    523 |   1464 |   3 |  858.0 |
       Dungeon |   2574 |   2472 |    102 |    523 |   1464 |   3 |  858.0 |
               +--------+--------+--------+--------+--------+-----+--------+

Top non-repeatable levels by time:
     D:2: 1319 daAuts
     D:1: 1033 daAuts
     D:3: 221 daAuts

Table legend:
 A = Non-vault XP
 B = Vault XP
 C = Vault XP percentage of total XP
 D = Non-vault monster count
 E = Vault monster count
 F = Vault count percentage of total count
                 A         B        C        D         E       F
            +---------+---------+-------+---------+---------+-------
      Total |     265 |      42 |  13.7 |      62 |      15 |  19.5
            +---------+---------+-------+---------+---------+-------
        D:1 |      44 |       4 |   8.3 |      21 |       2 |   8.7
        D:2 |     130 |      38 |  22.6 |      28 |      13 |  31.7
        D:3 |      91 |       0 |   0.0 |      13 |       0 |   0.0
            +---------+---------+-------+---------+---------+-------
